BUFFALO Sabres vs CALGARY Flames

Created - 16 janvier 2019 at 17:45

Goals
1 2 3 T
BUFFALO Sabres 2 0 1 3
CALGARY Flames 1 0 1 2
Shots
1 2 3 T
BUFFALO Sabres 10 12 13 35
CALGARY Flames 6 3 13 22

1st period

1. CALGARY Flames , Alex Galchenyuk 13 (Charlie Coyle 19, Ryan Suter 40) at 5:52
2. BUFFALO Sabres , Ryan Ellis 6 (Artemi Panarin 23, Nathan MacKinnon 26) at 16:04
3. BUFFALO Sabres , Jaden Schwartz 14 (Tyler Johnson 9, John Klingberg 18) at 18:46

Penalties :
Nick Ritchie (CGY) for High sticking (Minor) at 1:05, Travis Hamonic (CGY) for Roughing (Minor) at 13:01, Nazem Kadri (BUF) for Holding (Minor) at 18:54

2nd period

No Goal

Penalties :
Nick Ritchie (CGY) for Elbowing (Minor) at 2:00, Nick Ritchie (CGY) for Roughing (Minor) at 9:22, Jaden Schwartz (BUF) for Interference (Minor) at 9:22

3rd period

4. BUFFALO Sabres , Tyler Johnson 7 (John Klingberg 19) at 0:44
5. CALGARY Flames , Charlie Coyle 13 (Darnell Nurse 18, Alex Galchenyuk 16) at 18:20

Penalties :
John Klingberg (BUF) for Hooking (Minor) at 5:05, Kyle Clifford (CGY) for Hooking (Minor) at 14:17, Boone Jenner (CGY) for Hooking (Minor) at 18:21

Goalie Stats

Braden Holtby (BUF), 20 saves from 22 shots - (0,909), W, 31-10-4, 60:00 minutes
Ben Bishop (CGY), 32 saves from 35 shots - (0,914), L, 16-16-3, 60:00 minutes

Players Stats for BUFFALO Sabres

Player Name              G  A  P  +/- PIM S  H  SB GA TA FO     MP     PP MP  PK MP  
------------------------------------------------------------------------------------
Artemi Panarin           0  1  1   0  0   2  1  0  0  0  0/1    21:15   5:12   0:00 
Brayden Point            0  0  0   0  0   2  1  0  0  0  0/0    22:42   5:12   1:11 
Brent Burns              0  0  0   0  0   2  4  1  0  0  0/0    24:14   5:22   2:29 
Brett Pesce              0  0  0   0  0   0  1  1  0  0  0/0    16:18   0:00   2:08 
Elias Lindholm           0  0  0   0  0   1  0  0  0  0  1/2    11:40   0:00   0:00 
Henrik Zetterberg        0  0  0   1  0   2  0  0  0  0  11/21  17:25   4:22   0:00 
Jaden Schwartz           1  0  1   1  2   6  0  2  0  0  0/1    17:24   4:22   0:00 
James Neal               0  0  0   0  0   1  0  0  0  0  0/0    10:49   0:00   0:00 
Jesper Bratt             0  0  0   0  0   1  0  0  0  0  0/0     4:49   0:00   0:00 
John Klingberg           0  2  2   1  2   3  0  0  0  0  0/0    22:44   5:22   1:01 
Luke Glendening          0  0  0   0  0   1  2  0  0  0  8/12    8:49   0:00   2:47 
Mike Green               0  0  0   0  0   0  1  0  0  0  0/0    12:36   0:00   0:28 
Nathan MacKinnon         0  1  1   0  0   4  0  0  0  0  15/30  22:23   5:12   0:46 
Nazem Kadri              0  0  0   0  2   1  1  0  0  0  5/12   10:48   0:00   0:00 
Ryan Ellis               1  0  1   0  0   6  0  2  0  0  0/0    24:00   4:12   1:50 
Tyler Johnson            1  1  2   1  0   3  0  0  0  0  1/1    21:08   4:22   3:12 
Tyson Barrie             0  0  0   1  0   0  2  1  0  0  0/0    20:07   4:12   0:00 
Vladimir Sobotka         0  0  0   0  0   0  0  0  0  0  0/0     4:49   0:00   0:00 

Players Stats for CALGARY Flames

Player Name              G  A  P  +/- PIM S  H  SB GA TA FO     MP     PP MP  PK MP  
------------------------------------------------------------------------------------
Alex Galchenyuk          1  1  2   0  0   1  0  1  0  0  10/18  19:22   0:57   1:21 
Boone Jenner             0  0  0  -1  2   2  1  0  0  0  11/30  22:42   0:57   3:58 
Brendan Perlini          0  0  0   0  0   0  0  0  0  0  3/7     9:23   3:01   0:49 
Cal Clutterbuck          0  0  0   0  0   0  0  0  0  0  0/0     9:01   0:00   4:15 
Charlie Coyle            1  1  2   0  0   2  0  0  0  0  0/2    22:31   0:57   4:30 
Charlie McAvoy           0  0  0  -1  0   2  2  2  0  0  0/0    24:15   1:38   5:05 
Darnell Nurse            0  1  1  -1  0   0  0  0  0  0  0/0    15:31   0:00   0:10 
Dominic Moore            0  0  0   0  0   1  0  0  0  0  10/17  15:04   0:00   4:15 
Eric Gryba               0  0  0   1  0   0  3  0  0  0  0/0    18:18   2:20   0:00 
Jake DeBrusk             0  0  0  -1  0   3  0  0  0  0  1/1    16:14   3:01   0:00 
Jason Chimera            0  0  0   0  0   1  0  0  0  0  0/0    10:49   0:00   0:00 
Kyle Clifford            0  0  0   0  2   1  0  0  0  0  0/0    10:48   0:00   0:00 
Michal Kempny            0  0  0  -1  0   0  1  0  0  0  0/0    17:33   0:00   4:35 
Nick Ritchie             0  0  0   0  6   0  1  0  0  0  1/1    15:38   0:00   0:00 
Ryan Callahan            0  0  0   0  0   0  0  0  0  0  0/0     0:00   0:00   0:00 
Ryan Suter               0  1  1   1  0   2  1  2  0  0  0/0    24:21   2:20   5:15 
Travis Hamonic           0  0  0  -1  2   1  0  2  0  0  0/0    20:01   1:38   4:03 
Wayne Simmonds           0  0  0  -1  0   6  0  0  0  0  3/4    16:50   3:01   0:00 

3 Stars

1 - Tyler Johnson (BUF)
2 - Alex Galchenyuk (CGY)
3 - Charlie Coyle (CGY)

Power Play

BUFFALO Sabres - 0 on 5 Attempt(s) - 0,00%
CALGARY Flames - 0 on 2 Attempt(s) - 0,00%

Penalty Kill

BUFFALO Sabres - 2 on 2 Attempt(s) - 100,00% - Score 0 goal in Penalty Kill
CALGARY Flames - 5 on 5 Attempt(s) - 100,00% - Score 0 goal in Penalty Kill

Team Stat

BUFFALO Sabres - Hits : 13 - Faceoff Wins : 41 - Blocked Shots : 7 - Penalty Minutes : 6
CALGARY Flames - Hits : 9 - Faceoff Wins : 39 - Blocked Shots : 7 - Penalty Minutes : 12

Official

Referees : Unknown
Linesman : Unknown

Game Notes

No Game Note

Finance

Level 1 -- Attendance: 4721 (78,68%) -- Ticket Income 472 100 $
Level 2 -- Attendance: 3896 (77,92%) -- Ticket Income 233 760 $
Level 3 -- Attendance: 2000 (100,00%) -- Ticket Income 70 000 $
Level 4 -- Attendance: 4000 (100,00%) -- Ticket Income 80 000 $
Luxury Box -- Attendance: 754 (75,40%) -- Ticket Income 150 800 $
Game was played at the Scotiabank Saddledome.
Total Attendance: 15371 (85,39%)
Total Ticket Income: 1 006 660 $
Other Income: 392 597 $
Total Income: 1 399 257 $

BUFFALO Sabres

5 vs 5 Forward 
   Center                   Left Wing                Right Wing               Time % Phy DF OF 
 1 Nathan MacKinnon         Artemi Panarin           Brayden Point            40     1   2  2  
 2 Henrik Zetterberg        Jaden Schwartz           Tyler Johnson            30     1   2  2  
 3 Nazem Kadri              James Neal               Elias Lindholm           20     1   2  2  
 4 Luke Glendening          Jesper Bratt             Vladimir Sobotka         10     1   2  2  

5 vs 5 Defense 
   Defense                  Defense                                           Time % Phy DF OF 
 1 Brent Burns              Ryan Ellis                                        40     1   2  2  
 2 John Klingberg           Tyson Barrie                                      30     1   2  2  
 3 Mike Green               Brett Pesce                                       20     1   2  2  
 4 Ryan Ellis               Brett Pesce                                       10     1   2  2  

PowerPlay Forward 
   Center                   Left Wing                Right Wing               Time % Phy DF OF 
 1 Nathan MacKinnon         Artemi Panarin           Brayden Point            60     1   2  2  
 2 Henrik Zetterberg        Jaden Schwartz           Tyler Johnson            40     1   2  2  

PowerPlay Defense
   Defense                  Defense                                           Time % Phy DF OF 
 1 Brent Burns              John Klingberg                                    60     1   2  2  
 2 Ryan Ellis               Tyson Barrie                                      40     1   2  2  

Penalty Kill 4 Players Forward 
   Center                   Wing                     Time % Phy DF OF 
 1 Luke Glendening          Tyler Johnson            60     1   2  2  
 2 Brayden Point            Nathan MacKinnon         40     1   2  2  

Penalty Kill 4 Players Defense
   Defense                  Defense                  Time % Phy DF OF 
 1 Brent Burns              Ryan Ellis               60     1   2  2  
 2 John Klingberg           Brett Pesce              40     1   2  2  

Penalty Kill - 3 Players Forward 
   Forward                                           Time % Phy DF OF 
 1 Luke Glendening                                   60     1   2  2  
 2 Tyler Johnson                                     40     1   2  2  

Penalty Kill - 3 Players Defense
   Defense                  Defense                  Time % Phy DF OF 
 1 Brett Pesce              Ryan Ellis               60     1   2  2  
 2 John Klingberg           Mike Green               40     1   2  2  

4 vs 4 Forward 
   Center                   Wing                     Time % Phy DF OF 
 1 Nathan MacKinnon         Artemi Panarin           60     1   2  2  
 2 Brayden Point            Tyler Johnson            40     1   2  2  

4 vs 4 Defense
   Defense                  Defense                  Time % Phy DF OF 
 1 Brent Burns              John Klingberg           60     1   2  2  
 2 Ryan Ellis               Tyson Barrie             40     1   2  2  

Last Minutes Offensive
   Center                   Left Wing                Right Wing               Defense                  Defense                  
   Nathan MacKinnon         Artemi Panarin           Jaden Schwartz           Brent Burns              Tyson Barrie             

Last Minutes Defensive
   Center                   Left Wing                Right Wing               Defense                  Defense                  
   Brayden Point            Tyler Johnson            Jaden Schwartz           Ryan Ellis               Brett Pesce              

Goaltenders
Starting : Braden Holtby            
Backup : Alexandar Georgiev       

Extra Forwards
Normal : Nathan MacKinnon, Artemi Panarin, Brayden Point - PP : Nathan MacKinnon, Artemi Panarin - PK : Tyler Johnson
Extra Defensemen
Normal : Brent Burns, Tyson Barrie, John Klingberg - PP : Brent Burns - PK : Brett Pesce, John Klingberg
Penalty Shots
Nathan MacKinnon, Artemi Panarin, Jaden Schwartz, Henrik Zetterberg, Brayden Point

CALGARY Flames

5 vs 5 Forward 
   Center                   Left Wing                Right Wing               Time % Phy DF OF 
 1 Boone Jenner             Jake DeBrusk             Wayne Simmonds           37     2   1  2  
 2 Alex Galchenyuk          Nick Ritchie             Charlie Coyle            33     2   1  2  
 3 Boone Jenner             Brendan Perlini          Cal Clutterbuck          20     2   1  2  
 4 Dominic Moore            Kyle Clifford            Jason Chimera            10     2   2  1  

5 vs 5 Defense 
   Defense                  Defense                                           Time % Phy DF OF 
 1 Ryan Suter               Eric Gryba                                        40     2   2  1  
 2 Charlie McAvoy           Darnell Nurse                                     35     2   2  1  
 3 Travis Hamonic           Michal Kempny                                     20     2   2  1  
 4 Ryan Suter               Charlie McAvoy                                    5      2   2  1  

PowerPlay Forward 
   Center                   Left Wing                Right Wing               Time % Phy DF OF 
 1 Brendan Perlini          Jake DeBrusk             Wayne Simmonds           55     1   0  4  
 2 Alex Galchenyuk          Boone Jenner             Charlie Coyle            45     1   0  4  

PowerPlay Defense
   Defense                  Defense                                           Time % Phy DF OF 
 1 Ryan Suter               Eric Gryba                                        55     1   1  3  
 2 Charlie McAvoy           Travis Hamonic                                    45     1   1  3  

Penalty Kill 4 Players Forward 
   Center                   Wing                     Time % Phy DF OF 
 1 Boone Jenner             Charlie Coyle            55     1   4  0  
 2 Dominic Moore            Cal Clutterbuck          45     1   4  0  

Penalty Kill 4 Players Defense
   Defense                  Defense                  Time % Phy DF OF 
 1 Ryan Suter               Michal Kempny            55     1   4  0  
 2 Travis Hamonic           Charlie McAvoy           45     1   4  0  

Penalty Kill - 3 Players Forward 
   Forward                                           Time % Phy DF OF 
 1 Boone Jenner                                      50     0   5  0  
 2 Charlie Coyle                                     50     0   5  0  

Penalty Kill - 3 Players Defense
   Defense                  Defense                  Time % Phy DF OF 
 1 Ryan Suter               Darnell Nurse            55     1   4  0  
 2 Travis Hamonic           Charlie McAvoy           45     1   4  0  

4 vs 4 Forward 
   Center                   Wing                     Time % Phy DF OF 
 1 Wayne Simmonds           Boone Jenner             55     2   1  2  
 2 Alex Galchenyuk          Charlie Coyle            45     1   1  3  

4 vs 4 Defense
   Defense                  Defense                  Time % Phy DF OF 
 1 Ryan Suter               Eric Gryba               55     1   2  2  
 2 Charlie McAvoy           Travis Hamonic           45     1   2  2  

Last Minutes Offensive
   Center                   Left Wing                Right Wing               Defense                  Defense                  
   Charlie Coyle            Jake DeBrusk             Wayne Simmonds           Ryan Suter               Eric Gryba               

Last Minutes Defensive
   Center                   Left Wing                Right Wing               Defense                  Defense                  
   Charlie Coyle            Boone Jenner             Wayne Simmonds           Ryan Suter               Eric Gryba               

Goaltenders
Starting : Ben Bishop               
Backup : Jacob Markstrom          

Extra Forwards
Normal : Alex Galchenyuk, Wayne Simmonds, Brendan Perlini - PP : Nick Ritchie, Brendan Perlini - PK : Charlie Coyle
Extra Defensemen
Normal : Ryan Suter, Charlie McAvoy, Travis Hamonic - PP : Travis Hamonic - PK : Charlie McAvoy, Michal Kempny
Penalty Shots
Wayne Simmonds, Boone Jenner, Alex Galchenyuk, Brendan Perlini, Charlie Coyle


% Time on Ice - BUFFALO Sabres

Lines # - Real PCT - Wanted PCT - Time Play
Normal Forward
1 - 36% - 40% - 15:48
2 - 29% - 30% - 13:03
3 - 24% - 20% - 10:49
4 - 11% - 10% - 4:49
Normal Defense
1 - 34% - 40% - 15:10
2 - 34% - 30% - 15:09
3 - 27% - 20% - 12:08
4 - 5% - 10% - 2:02
PP Forward
1 - 54% - 60% - 5:12
2 - 46% - 40% - 4:22
PP Defense
1 - 56% - 60% - 5:22
2 - 44% - 40% - 4:12
PK Forward
1 - 81% - 60% - 3:12
2 - 19% - 40% - 0:46
PK Defense
1 - 46% - 60% - 1:50
2 - 54% - 40% - 2:08
PK3 Forward
1 - 0% - 60%
2 - 0% - 40%
PK3 Defense
1 - 0% - 60%
2 - 0% - 40%
44 Forward
1 - 74% - 60% - 1:28
2 - 26% - 40% - 0:31
44 Defense
1 - 61% - 60% - 1:13
2 - 39% - 40% - 0:46
Last Minute Offensive  - 0:00
Last Minute Defensive  - 0:00
Total
Forward - 60:00
Defense - 60:00

% Time on Ice - CALGARY Flames

Lines # - Real PCT - Wanted PCT - Time Play
Normal Forward
1 - 30% - 37% - 13:13
2 - 35% - 33% - 15:41
3 - 11% - 20% - 4:46
4 - 24% - 10% - 10:49
Normal Defense
1 - 35% - 40% - 15:22
2 - 35% - 35% - 15:21
3 - 29% - 20% - 12:58
4 - 2% - 5% - 0:48
PP Forward
1 - 76% - 55% - 3:01
2 - 24% - 45% - 0:57
PP Defense
1 - 59% - 55% - 2:20
2 - 41% - 45% - 1:38
PK Forward
1 - 56% - 55% - 5:19
2 - 44% - 45% - 4:15
PK Defense
1 - 44% - 55% - 4:14
2 - 56% - 45% - 5:20
PK3 Forward
1 - 0% - 50%
2 - 0% - 50%
PK3 Defense
1 - 0% - 55%
2 - 0% - 45%
44 Forward
1 - 30% - 55% - 0:36
2 - 70% - 45% - 1:23
44 Defense
1 - 30% - 55% - 0:36
2 - 70% - 45% - 1:23
Last Minute Offensive  - 0:00
Last Minute Defensive  - 0:00
Total
Forward - 60:00
Defense - 60:00

Play-by-Play

1st period


0:01 of 1st period - Nathan MacKinnon wins face-off versus Boone Jenner in neutral zone.
0:23 of 1st period - Shot by Artemi Panarin.
0:23 of 1st period - Shot Misses the Net.
0:52 of 1st period - Icing by Ryan Suter.
0:53 of 1st period - Henrik Zetterberg wins face-off versus Boone Jenner in CALGARY Flames zone.
1:05 of 1st period - Minor Penalty to Nick Ritchie for High sticking.
1:06 of 1st period - Boone Jenner wins face-off versus Henrik Zetterberg in CALGARY Flames zone.
1:39 of 1st period - Shot by John Klingberg.
1:39 of 1st period - Stopped by Ben Bishop without a rebound.
1:40 of 1st period - Nathan MacKinnon wins face-off versus Boone Jenner in CALGARY Flames zone.
1:43 of 1st period - Shot by Ryan Ellis.
1:43 of 1st period - Stopped by Ben Bishop without a rebound.
1:44 of 1st period - Boone Jenner wins face-off versus Nathan MacKinnon in CALGARY Flames zone.
1:50 of 1st period - Icing by Tyson Barrie.
1:51 of 1st period - Boone Jenner wins face-off versus Artemi Panarin in BUFFALO Sabres zone.
3:05 of 1st period - Charlie McAvoy is hit by Nazem Kadri and loses puck.
3:32 of 1st period - Icing by Nazem Kadri.
3:33 of 1st period - Nick Ritchie wins face-off versus Nazem Kadri in BUFFALO Sabres zone.
3:33 of 1st period - Charlie Coyle is hit by Brett Pesce and loses puck.
3:41 of 1st period - Nazem Kadri is hit by Ryan Suter and loses puck.
3:53 of 1st period - Nazem Kadri is hit by Eric Gryba and loses puck.
4:09 of 1st period - Off-side.
4:10 of 1st period - Henrik Zetterberg wins face-off versus Boone Jenner in neutral zone.
4:29 of 1st period - Shot by Tyson Barrie.
4:29 of 1st period - Shot Misses the Net.
4:37 of 1st period - Shot by Jaden Schwartz.
4:37 of 1st period - Stopped by Ben Bishop with a rebound.
5:16 of 1st period - Shot by Kyle Clifford.
5:16 of 1st period - Stopped by Braden Holtby with a rebound.
5:25 of 1st period - Shot by Jason Chimera.
5:25 of 1st period - Shot Blocked by Jaden Schwartz.
5:27 of 1st period - Shot by Charlie McAvoy.
5:27 of 1st period - Stopped by Braden Holtby with a rebound.
5:50 of 1st period - Shot by Charlie Coyle.
5:50 of 1st period - Shot Misses the Net.
5:52 of 1st period - Shot by Alex Galchenyuk.
5:52 of 1st period - Goal by Alex Galchenyuk - BUFFALO Sabres : 0 - CALGARY Flames : 1.
5:53 of 1st period - Alex Galchenyuk wins face-off versus Nathan MacKinnon in neutral zone.
6:02 of 1st period - Shot by Charlie Coyle.
6:02 of 1st period - Shot Misses the Net.
6:09 of 1st period - Alex Galchenyuk is hit by Brent Burns.
6:22 of 1st period - Nick Ritchie is hit by Brent Burns and loses puck.
7:19 of 1st period - Boone Jenner is hit by Mike Green and loses puck.
8:01 of 1st period - Icing by Brent Burns.
8:02 of 1st period - Alex Galchenyuk wins face-off versus Nazem Kadri in BUFFALO Sabres zone.
8:02 of 1st period - Ryan Suter is hit by Brent Burns and loses puck.
8:36 of 1st period - Icing by Eric Gryba.
8:37 of 1st period - Alex Galchenyuk wins face-off versus Nathan MacKinnon in CALGARY Flames zone.
8:37 of 1st period - Alex Galchenyuk is hit by Brayden Point.
8:47 of 1st period - Shot by Alex Galchenyuk.
8:47 of 1st period - Shot Misses the Net.
9:00 of 1st period - Off-side.
9:01 of 1st period - Henrik Zetterberg wins face-off versus Boone Jenner in neutral zone.
11:49 of 1st period - Shot by James Neal.
11:49 of 1st period - Shot Misses the Net.
12:21 of 1st period - Shot by Jesper Bratt.
12:21 of 1st period - Stopped by Ben Bishop without a rebound.
12:22 of 1st period - Boone Jenner wins face-off versus Luke Glendening in CALGARY Flames zone.
12:56 of 1st period - Icing by Charlie McAvoy.
12:57 of 1st period - Nathan MacKinnon wins face-off versus Boone Jenner in CALGARY Flames zone.
13:00 of 1st period - Shot by Artemi Panarin.
13:00 of 1st period - Deflect By Nathan MacKinnon.
13:00 of 1st period - Stopped by Ben Bishop without a rebound.
13:01 of 1st period - Nathan MacKinnon wins face-off versus Alex Galchenyuk in CALGARY Flames zone.
13:01 of 1st period - Minor Penalty to Travis Hamonic for Roughing.
13:02 of 1st period - Boone Jenner wins face-off versus Nathan MacKinnon in CALGARY Flames zone.
13:31 of 1st period - Shot by Brayden Point.
13:31 of 1st period - Shot Blocked by Charlie McAvoy.
14:06 of 1st period - Shot by Ryan Ellis.
14:06 of 1st period - Stopped by Ben Bishop without a rebound.
14:07 of 1st period - Henrik Zetterberg wins face-off versus Dominic Moore in CALGARY Flames zone.
14:14 of 1st period - Shot by Ryan Ellis.
14:14 of 1st period - Stopped by Ben Bishop without a rebound.
14:15 of 1st period - Henrik Zetterberg wins face-off versus Boone Jenner in CALGARY Flames zone.
15:41 of 1st period - Shot by Elias Lindholm.
15:41 of 1st period - Stopped by Ben Bishop without a rebound.
15:42 of 1st period - Nathan MacKinnon wins face-off versus Boone Jenner in CALGARY Flames zone.
16:02 of 1st period - Shot by Artemi Panarin.
16:02 of 1st period - Shot Blocked by Charlie McAvoy.
16:04 of 1st period - Shot by Ryan Ellis.
16:04 of 1st period - Goal by Ryan Ellis - BUFFALO Sabres : 1 - CALGARY Flames : 1.
16:05 of 1st period - Henrik Zetterberg wins face-off versus Dominic Moore in neutral zone.
16:12 of 1st period - Shot by Jaden Schwartz.
16:12 of 1st period - Shot Misses the Net.
16:34 of 1st period - Shot by Jason Chimera.
16:34 of 1st period - Shot Misses the Net.
16:42 of 1st period - Shot by Ryan Suter.
16:42 of 1st period - Stopped by Braden Holtby without a rebound.
16:43 of 1st period - Nathan MacKinnon wins face-off versus Boone Jenner in BUFFALO Sabres zone.
16:45 of 1st period - Artemi Panarin is hit by Boone Jenner and loses puck.
17:00 of 1st period - Shot by Wayne Simmonds.
17:00 of 1st period - Stopped by Braden Holtby with a rebound.
17:26 of 1st period - Icing by Brent Burns.
17:27 of 1st period - Alex Galchenyuk wins face-off versus Nathan MacKinnon in BUFFALO Sabres zone.
17:32 of 1st period - Shot by Michal Kempny.
17:32 of 1st period - Shot Blocked by Ryan Ellis.
18:24 of 1st period - Shot by Jaden Schwartz.
18:24 of 1st period - Shot Misses the Net.
18:34 of 1st period - Shot by Jaden Schwartz.
18:34 of 1st period - Shot Misses the Net.
18:46 of 1st period - Shot by Jaden Schwartz.
18:46 of 1st period - Goal by Jaden Schwartz - BUFFALO Sabres : 2 - CALGARY Flames : 1.
18:47 of 1st period - Nazem Kadri wins face-off versus Boone Jenner in neutral zone.
18:54 of 1st period - Minor Penalty to Nazem Kadri for Holding.
18:55 of 1st period - Tyler Johnson wins face-off versus Wayne Simmonds in BUFFALO Sabres zone.
19:23 of 1st period - Shot by Wayne Simmonds.
19:23 of 1st period - Stopped by Braden Holtby without a rebound.
19:24 of 1st period - Brendan Perlini wins face-off versus Luke Glendening in BUFFALO Sabres zone.
Goals for this period are 2 for BUFFALO Sabres vs 1 for CALGARY Flames.
Shots for this period are 10 for BUFFALO Sabres vs 6 for CALGARY Flames.

2nd period


0:01 of 2nd period - Brendan Perlini wins face-off versus Luke Glendening in neutral zone.
0:15 of 2nd period - Icing by Wayne Simmonds.
0:16 of 2nd period - Luke Glendening wins face-off versus Brendan Perlini in CALGARY Flames zone.
0:30 of 2nd period - Icing by Ryan Suter.
0:31 of 2nd period - Luke Glendening wins face-off versus Brendan Perlini in CALGARY Flames zone.
1:03 of 2nd period - Shot by Artemi Panarin.
1:03 of 2nd period - Shot Misses the Net.
1:05 of 2nd period - Shot by Ryan Ellis.
1:05 of 2nd period - Shot Misses the Net.
1:07 of 2nd period - Shot by Nathan MacKinnon.
1:07 of 2nd period - Shot Misses the Net.
2:00 of 2nd period - Minor Penalty to Nick Ritchie for Elbowing.
2:01 of 2nd period - Dominic Moore wins face-off versus Henrik Zetterberg in CALGARY Flames zone.
3:19 of 2nd period - Shot by Brayden Point.
3:19 of 2nd period - Shot Misses the Net.
3:21 of 2nd period - Shot by Ryan Ellis.
3:21 of 2nd period - Stopped by Ben Bishop without a rebound.
3:22 of 2nd period - Boone Jenner wins face-off versus Henrik Zetterberg in CALGARY Flames zone.
4:29 of 2nd period - Icing by Ryan Suter.
4:30 of 2nd period - Dominic Moore wins face-off versus Nathan MacKinnon in CALGARY Flames zone.
4:37 of 2nd period - Shot by Brayden Point.
4:37 of 2nd period - Shot Hit the Post.
4:39 of 2nd period - Shot by Nathan MacKinnon.
4:39 of 2nd period - Shot Misses the Net.
4:41 of 2nd period - Shot by Nathan MacKinnon.
4:41 of 2nd period - Shot Misses the Net.
4:43 of 2nd period - Shot by Brayden Point.
4:43 of 2nd period - Stopped by Ben Bishop without a rebound.
4:44 of 2nd period - Luke Glendening wins face-off versus Alex Galchenyuk in CALGARY Flames zone.
5:32 of 2nd period - Icing by Charlie McAvoy.
5:33 of 2nd period - Nathan MacKinnon wins face-off versus Alex Galchenyuk in CALGARY Flames zone.
6:26 of 2nd period - Shot by Jake DeBrusk.
6:26 of 2nd period - Shot Misses the Net.
6:28 of 2nd period - Shot by Wayne Simmonds.
6:28 of 2nd period - Stopped by Braden Holtby without a rebound.
6:29 of 2nd period - Henrik Zetterberg wins face-off versus Dominic Moore in BUFFALO Sabres zone.
7:36 of 2nd period - Shot by Boone Jenner.
7:36 of 2nd period - Stopped by Braden Holtby without a rebound.
7:37 of 2nd period - Alex Galchenyuk wins face-off versus Nazem Kadri in BUFFALO Sabres zone.
7:48 of 2nd period - Shot by Nazem Kadri.
7:48 of 2nd period - Shot Blocked by Alex Galchenyuk.
7:50 of 2nd period - Shot by Brent Burns.
7:50 of 2nd period - Stopped by Ben Bishop without a rebound.
7:51 of 2nd period - Boone Jenner wins face-off versus Nathan MacKinnon in CALGARY Flames zone.
8:20 of 2nd period - Shot by Jake DeBrusk.
8:20 of 2nd period - Shot Blocked by Brett Pesce.
9:02 of 2nd period - Brett Pesce is hit by Nick Ritchie and loses puck.
9:22 of 2nd period - Minor Penalty to Nick Ritchie for Roughing.
9:22 of 2nd period - Minor Penalty to Jaden Schwartz for Interference.
9:23 of 2nd period - Wayne Simmonds wins face-off versus Elias Lindholm in neutral zone.
9:58 of 2nd period - Shot by Luke Glendening.
9:58 of 2nd period - Stopped by Ben Bishop without a rebound.
9:59 of 2nd period - Elias Lindholm wins face-off versus Alex Galchenyuk in CALGARY Flames zone.
10:13 of 2nd period - Icing by Travis Hamonic.
10:14 of 2nd period - Alex Galchenyuk wins face-off versus Nathan MacKinnon in CALGARY Flames zone.
10:39 of 2nd period - Charlie McAvoy is hit by Luke Glendening and loses puck.
11:21 of 2nd period - Shot by Tyler Johnson.
11:21 of 2nd period - Shot Misses the Net.
11:40 of 2nd period - Shot by Wayne Simmonds.
11:40 of 2nd period - Stopped by Braden Holtby without a rebound.
11:41 of 2nd period - Dominic Moore wins face-off versus Henrik Zetterberg in BUFFALO Sabres zone.
11:46 of 2nd period - Shot by Kyle Clifford.
11:46 of 2nd period - Shot Misses the Net.
12:52 of 2nd period - Shot by Boone Jenner.
12:52 of 2nd period - Shot Misses the Net.
12:54 of 2nd period - Shot by Boone Jenner.
12:54 of 2nd period - Shot Misses the Net.
12:56 of 2nd period - Shot by Darnell Nurse.
12:56 of 2nd period - Shot Blocked by Tyson Barrie.
12:58 of 2nd period - Shot by Boone Jenner.
12:58 of 2nd period - Deflect By Jake DeBrusk.
12:58 of 2nd period - Shot Misses the Net.
13:00 of 2nd period - Shot by Wayne Simmonds.
13:00 of 2nd period - Shot Misses the Net.
13:31 of 2nd period - Icing by Travis Hamonic.
13:32 of 2nd period - Nathan MacKinnon wins face-off versus Boone Jenner in CALGARY Flames zone.
13:51 of 2nd period - Shot by Nathan MacKinnon.
13:51 of 2nd period - Shot Misses the Net.
13:53 of 2nd period - Shot by Nathan MacKinnon.
13:53 of 2nd period - Stopped by Ben Bishop with a rebound.
13:55 of 2nd period - Shot by Mike Green.
13:55 of 2nd period - Shot Blocked by Travis Hamonic.
14:00 of 2nd period - Brayden Point is hit by Michal Kempny and loses puck.
14:11 of 2nd period - Shot by Brett Pesce.
14:11 of 2nd period - Shot Blocked by Travis Hamonic.
14:15 of 2nd period - Shot by Brayden Point.
14:15 of 2nd period - Stopped by Ben Bishop with a rebound.
14:33 of 2nd period - Shot by Jaden Schwartz.
14:33 of 2nd period - Shot Misses the Net.
14:37 of 2nd period - Shot by Henrik Zetterberg.
14:37 of 2nd period - Stopped by Ben Bishop without a rebound.
14:38 of 2nd period - Luke Glendening wins face-off versus Alex Galchenyuk in CALGARY Flames zone.
15:49 of 2nd period - Icing by Ryan Ellis.
15:50 of 2nd period - Dominic Moore wins face-off versus Henrik Zetterberg in BUFFALO Sabres zone.
15:55 of 2nd period - Shot by Jason Chimera.
15:55 of 2nd period - Shot Misses the Net.
16:17 of 2nd period - Shot by Henrik Zetterberg.
16:17 of 2nd period - Stopped by Ben Bishop with a rebound.
16:19 of 2nd period - Shot by Jaden Schwartz.
16:19 of 2nd period - Stopped by Ben Bishop with a rebound.
16:21 of 2nd period - Shot by Henrik Zetterberg.
16:21 of 2nd period - Shot Misses the Net.
16:23 of 2nd period - Shot by Jaden Schwartz.
16:23 of 2nd period - Stopped by Ben Bishop without a rebound.
16:24 of 2nd period - Nathan MacKinnon wins face-off versus Brendan Perlini in CALGARY Flames zone.
16:30 of 2nd period - Icing by Wayne Simmonds.
16:31 of 2nd period - Nathan MacKinnon wins face-off versus Brendan Perlini in CALGARY Flames zone.
16:34 of 2nd period - Shot by Artemi Panarin.
16:34 of 2nd period - Stopped by Ben Bishop with a rebound.
16:40 of 2nd period - Shot by Nathan MacKinnon.
16:40 of 2nd period - Deflect By Brayden Point.
16:40 of 2nd period - Shot Misses the Net.
17:58 of 2nd period - Icing by Darnell Nurse.
17:59 of 2nd period - Nazem Kadri wins face-off versus Dominic Moore in CALGARY Flames zone.
18:13 of 2nd period - Icing by Brett Pesce.
18:14 of 2nd period - Nazem Kadri wins face-off versus Boone Jenner in BUFFALO Sabres zone.
18:38 of 2nd period - Shot by Nazem Kadri.
18:38 of 2nd period - Stopped by Ben Bishop with a rebound.
19:19 of 2nd period - Shot by Alex Galchenyuk.
19:19 of 2nd period - Shot Blocked by Brent Burns.
19:49 of 2nd period - Off-side.
19:50 of 2nd period - Dominic Moore wins face-off versus Henrik Zetterberg in neutral zone.
Goals for this period are 0 for BUFFALO Sabres vs 0 for CALGARY Flames.
Shots for this period are 12 for BUFFALO Sabres vs 3 for CALGARY Flames.

3rd period


0:01 of 3rd period - Nathan MacKinnon wins face-off versus Boone Jenner in neutral zone.
0:26 of 3rd period - Shot by Boone Jenner.
0:26 of 3rd period - Shot Misses the Net.
0:32 of 3rd period - Shot by Wayne Simmonds.
0:32 of 3rd period - Stopped by Braden Holtby without a rebound.
0:33 of 3rd period - Alex Galchenyuk wins face-off versus Jaden Schwartz in BUFFALO Sabres zone.
0:44 of 3rd period - Shot by Tyler Johnson.
0:44 of 3rd period - Goal by Tyler Johnson - BUFFALO Sabres : 3 - CALGARY Flames : 1.
0:45 of 3rd period - Nazem Kadri wins face-off versus Dominic Moore in neutral zone.
2:14 of 3rd period - Shot by Nathan MacKinnon.
2:14 of 3rd period - Stopped by Ben Bishop without a rebound.
2:15 of 3rd period - Alex Galchenyuk wins face-off versus Henrik Zetterberg in CALGARY Flames zone.
2:29 of 3rd period - Shot by Alex Galchenyuk.
2:29 of 3rd period - Shot Blocked by Jaden Schwartz.
2:31 of 3rd period - Shot by Travis Hamonic.
2:31 of 3rd period - Stopped by Braden Holtby without a rebound.
2:32 of 3rd period - Luke Glendening wins face-off versus Dominic Moore in BUFFALO Sabres zone.
3:04 of 3rd period - Shot by Jason Chimera.
3:04 of 3rd period - Deflect By Dominic Moore.
3:04 of 3rd period - Stopped by Braden Holtby without a rebound.
3:05 of 3rd period - Wayne Simmonds wins face-off versus Nathan MacKinnon in BUFFALO Sabres zone.
3:20 of 3rd period - Shot by Jake DeBrusk.
3:20 of 3rd period - Stopped by Braden Holtby without a rebound.
3:21 of 3rd period - Henrik Zetterberg wins face-off versus Charlie Coyle in BUFFALO Sabres zone.
4:26 of 3rd period - Shot by Ryan Suter.
4:26 of 3rd period - Stopped by Braden Holtby without a rebound.
4:27 of 3rd period - Boone Jenner wins face-off versus Nazem Kadri in BUFFALO Sabres zone.
4:27 of 3rd period - Boone Jenner is hit by Tyson Barrie.
5:02 of 3rd period - Icing by Tyson Barrie.
5:03 of 3rd period - Dominic Moore wins face-off versus Nazem Kadri in BUFFALO Sabres zone.
5:05 of 3rd period - Minor Penalty to John Klingberg for Hooking.
5:06 of 3rd period - Brendan Perlini wins face-off versus Luke Glendening in BUFFALO Sabres zone.
5:29 of 3rd period - Shot by Wayne Simmonds.
5:29 of 3rd period - Stopped by Braden Holtby with a rebound.
5:31 of 3rd period - Shot by Travis Hamonic.
5:31 of 3rd period - Shot Blocked by Ryan Ellis.
5:33 of 3rd period - Shot by Charlie McAvoy.
5:33 of 3rd period - Stopped by Braden Holtby with a rebound.
5:37 of 3rd period - Shot by Wayne Simmonds.
5:37 of 3rd period - Deflect By Jake DeBrusk.
5:37 of 3rd period - Stopped by Braden Holtby without a rebound.
5:38 of 3rd period - Luke Glendening wins face-off versus Boone Jenner in BUFFALO Sabres zone.
6:51 of 3rd period - Shot by Travis Hamonic.
6:51 of 3rd period - Shot Misses the Net.
6:53 of 3rd period - Shot by Jake DeBrusk.
6:53 of 3rd period - Shot Misses the Net.
6:55 of 3rd period - Shot by Brendan Perlini.
6:55 of 3rd period - Shot Misses the Net.
6:59 of 3rd period - Shot by Jake DeBrusk.
6:59 of 3rd period - Stopped by Braden Holtby with a rebound.
7:01 of 3rd period - Shot by Travis Hamonic.
7:01 of 3rd period - Shot Misses the Net.
7:26 of 3rd period - Shot by James Neal.
7:26 of 3rd period - Shot Misses the Net.
8:28 of 3rd period - Eric Gryba is hit by Luke Glendening and loses puck.
8:59 of 3rd period - Shot by Ryan Suter.
8:59 of 3rd period - Shot Misses the Net.
9:49 of 3rd period - Off-side.
9:50 of 3rd period - Nazem Kadri wins face-off versus Boone Jenner in neutral zone.
10:02 of 3rd period - Icing by Travis Hamonic.
10:03 of 3rd period - Henrik Zetterberg wins face-off versus Boone Jenner in CALGARY Flames zone.
11:13 of 3rd period - Artemi Panarin is hit by Eric Gryba and loses puck.
11:18 of 3rd period - Shot by Brayden Point.
11:18 of 3rd period - Deflect By Nathan MacKinnon.
11:18 of 3rd period - Shot Misses the Net.
11:20 of 3rd period - Shot by Brett Pesce.
11:20 of 3rd period - Shot Misses the Net.
11:39 of 3rd period - Icing by Ryan Ellis.
11:40 of 3rd period - Dominic Moore wins face-off versus Nathan MacKinnon in BUFFALO Sabres zone.
11:44 of 3rd period - Icing by Brayden Point.
11:45 of 3rd period - Dominic Moore wins face-off versus Nathan MacKinnon in BUFFALO Sabres zone.
11:46 of 3rd period - Shot by Jason Chimera.
11:46 of 3rd period - Stopped by Braden Holtby without a rebound.
11:47 of 3rd period - Boone Jenner wins face-off versus Henrik Zetterberg in BUFFALO Sabres zone.
11:47 of 3rd period - Jake DeBrusk is hit by Tyson Barrie and loses puck.
12:01 of 3rd period - Icing by Darnell Nurse.
12:02 of 3rd period - Jake DeBrusk wins face-off versus Nazem Kadri in CALGARY Flames zone.
12:35 of 3rd period - Shot by Wayne Simmonds.
12:35 of 3rd period - Shot Misses the Net.
12:37 of 3rd period - Shot by Jake DeBrusk.
12:37 of 3rd period - Deflect By Boone Jenner.
12:37 of 3rd period - Stopped by Braden Holtby without a rebound.
12:38 of 3rd period - Nathan MacKinnon wins face-off versus Alex Galchenyuk in BUFFALO Sabres zone.
13:23 of 3rd period - Shot by Nathan MacKinnon.
13:23 of 3rd period - Shot Misses the Net.
13:37 of 3rd period - Shot by Jaden Schwartz.
13:37 of 3rd period - Stopped by Ben Bishop without a rebound.
13:38 of 3rd period - Wayne Simmonds wins face-off versus Henrik Zetterberg in CALGARY Flames zone.
14:03 of 3rd period - Shot by Jaden Schwartz.
14:03 of 3rd period - Shot Misses the Net.
14:05 of 3rd period - Shot by Jaden Schwartz.
14:05 of 3rd period - Shot Misses the Net.
14:07 of 3rd period - Shot by Ryan Ellis.
14:07 of 3rd period - Stopped by Ben Bishop without a rebound.
14:08 of 3rd period - Luke Glendening wins face-off versus Dominic Moore in CALGARY Flames zone.
14:14 of 3rd period - Icing by Travis Hamonic.
14:15 of 3rd period - Dominic Moore wins face-off versus Nathan MacKinnon in CALGARY Flames zone.
14:17 of 3rd period - Minor Penalty to Kyle Clifford for Hooking.
14:18 of 3rd period - Nathan MacKinnon wins face-off versus Charlie Coyle in CALGARY Flames zone.
14:39 of 3rd period - Shot by Artemi Panarin.
14:39 of 3rd period - Shot Blocked by Ryan Suter.
14:41 of 3rd period - Shot by Brent Burns.
14:41 of 3rd period - Stopped by Ben Bishop without a rebound.
14:42 of 3rd period - Henrik Zetterberg wins face-off versus Boone Jenner in CALGARY Flames zone.
14:49 of 3rd period - Shot by Tyler Johnson.
14:49 of 3rd period - Stopped by Ben Bishop without a rebound.
14:50 of 3rd period - Nathan MacKinnon wins face-off versus Boone Jenner in CALGARY Flames zone.
14:53 of 3rd period - Shot by Artemi Panarin.
14:53 of 3rd period - Shot Blocked by Ryan Suter.
15:16 of 3rd period - Shot by John Klingberg.
15:16 of 3rd period - Stopped by Ben Bishop without a rebound.
15:17 of 3rd period - Boone Jenner wins face-off versus Henrik Zetterberg in CALGARY Flames zone.
15:27 of 3rd period - Tyler Johnson is hit by Charlie McAvoy and loses puck.
15:30 of 3rd period - Shot by Jaden Schwartz.
15:30 of 3rd period - Stopped by Ben Bishop without a rebound.
15:31 of 3rd period - Boone Jenner wins face-off versus Nathan MacKinnon in CALGARY Flames zone.
15:41 of 3rd period - Artemi Panarin is hit by Charlie McAvoy and loses puck.
15:52 of 3rd period - Shot by Artemi Panarin.
15:52 of 3rd period - Shot Hit the Post.
16:21 of 3rd period - Jaden Schwartz is hit by Eric Gryba and loses puck.
17:20 of 3rd period - Shot by Charlie Coyle.
17:20 of 3rd period - Deflect By Nick Ritchie.
17:20 of 3rd period - Shot Misses the Net.
17:22 of 3rd period - Shot by Charlie Coyle.
17:22 of 3rd period - Stopped by Braden Holtby without a rebound.
17:23 of 3rd period - Dominic Moore wins face-off versus Nazem Kadri in BUFFALO Sabres zone.
17:53 of 3rd period - Shot by James Neal.
17:53 of 3rd period - Stopped by Ben Bishop without a rebound.
17:54 of 3rd period - Alex Galchenyuk wins face-off versus Nathan MacKinnon in CALGARY Flames zone.
17:54 of 3rd period - Alex Galchenyuk is hit by Artemi Panarin.
18:07 of 3rd period - Charlie Coyle is hit by Brent Burns and loses puck.
18:16 of 3rd period - Shot by Charlie McAvoy.
18:16 of 3rd period - Shot Misses the Net.
18:18 of 3rd period - Shot by Alex Galchenyuk.
18:18 of 3rd period - Shot Misses the Net.
18:20 of 3rd period - Shot by Darnell Nurse.
18:20 of 3rd period - Deflect By Charlie Coyle.
18:20 of 3rd period - Goal by Charlie Coyle - BUFFALO Sabres : 3 - CALGARY Flames : 2.
18:21 of 3rd period - Luke Glendening wins face-off versus Boone Jenner in neutral zone.
18:21 of 3rd period - Minor Penalty to Boone Jenner for Hooking.
18:22 of 3rd period - Henrik Zetterberg wins face-off versus Alex Galchenyuk in CALGARY Flames zone.
18:33 of 3rd period - Shot by John Klingberg.
18:33 of 3rd period - Stopped by Ben Bishop with a rebound.
18:47 of 3rd period - Shot by Tyler Johnson.
18:47 of 3rd period - Stopped by Ben Bishop without a rebound.
18:48 of 3rd period - Alex Galchenyuk wins face-off versus Nathan MacKinnon in CALGARY Flames zone.
18:59 of 3rd period - Shot by Nathan MacKinnon.
18:59 of 3rd period - Stopped by Ben Bishop without a rebound.
19:00 of 3rd period - Nathan MacKinnon wins face-off versus Alex Galchenyuk in CALGARY Flames zone.
19:01 of 3rd period - Shot by Brayden Point.
19:01 of 3rd period - Shot Misses the Net.
19:23 of 3rd period - Shot by John Klingberg.
19:23 of 3rd period - Shot Misses the Net.
19:25 of 3rd period - Shot by Artemi Panarin.
19:25 of 3rd period - Stopped by Ben Bishop with a rebound.
19:27 of 3rd period - Shot by Nathan MacKinnon.
19:27 of 3rd period - Deflect By Brayden Point.
19:27 of 3rd period - Shot Misses the Net.
19:29 of 3rd period - Shot by Brent Burns.
19:29 of 3rd period - Shot Misses the Net.
19:41 of 3rd period - Shot by Brayden Point.
19:41 of 3rd period - Shot Misses the Net.
Goals for this period are 1 for BUFFALO Sabres vs 1 for CALGARY Flames.
Shots for this period are 13 for BUFFALO Sabres vs 13 for CALGARY Flames.